Map: Jagannatha LE

Players

Reynor - Winner!

  • Race: Zerg Zerg
  • League: Master
  • Spawn Location: 1:00

LiquidClem (Clem)

  • Race: Terran Terran
  • League: Grandmaster
  • Spawn Location: 7:00

Event: DreamHack SC2 Masters 2020 Winter

VOD

Have the link to the VOD?

Description

Time

  • Played on: Nov. 8, 2020, 2:14 p.m.
  • Length: 5:26

All games in this series

Show
View Real Time Build Order
Export as new Build Order

Reynor Zerg - Winner!

Build Orders: Hatch First 

Get SALT Encoding   

  12  0:00  Drone  
  13  0:12  Overlord  
  13  0:17  Drone  
  14  0:30  Drone x2  
  16  0:48  Hatchery  
  15  0:51  Drone  
  15  0:55  Drone  
  17  0:58  Drone  
  18  1:09  Extractor  
  17  1:13  Spawning Pool  
  17  1:17  Drone  
  17  1:20  Drone  
  18  1:27  Drone  
  19  1:38  Drone  
  20  1:48  Overlord  
  20  2:01  Zergling x4, Queen x2  
  26  2:10  Drone  
  26  2:11  Drone  
  26  2:12  Metabolic Boost  
  28  2:21  Drone  
  28  2:22  Drone  
  30  2:38  Hatchery  
  30  2:39  Drone  
  30  2:40  Drone  
  31  2:47  Drone  
  31  2:51  Drone  
  33  2:52  Pneumatized Carapace  
  33  2:58  Overlord  
  33  3:02  Queen  
  35  3:06  Drone  
  36  3:15  Overlord  
  36  3:17  Drone x3  
  36  3:18  Drone  
  36  3:19  Zergling x2  
  41  3:25  Drone  
  41  3:27  Drone  
  43  3:35  Drone  
  43  3:38  Zergling x2  
  43  3:39  Drone x2  
  43  3:41  Queen  
  47  3:43  Overlord  
  47  3:46  Zergling x2  
  47  3:47  Spine Crawler  
  49  3:48  Zergling x2  
  49  3:49  Zergling x2  
  49  3:54  Queen  
  53  3:56  Zergling x2  
  53  4:01  Zergling x6  
  57  4:03  Zergling x2  
  57  4:05  Zergling x2  
  57  4:09  Zergling x2  
  60  4:12  Queen  
  60  4:13  Overlord  
  62  4:20  Zergling x8  
  66  4:29  Overlord, Drone  
  65  4:32  Drone x2  
  65  4:36  Zergling x6  
  66  4:40  Drone  
  67  4:47  Drone  
  67  4:48  Drone x2  
  67  4:49  Queen, Drone x2  
  67  4:51  Drone  
  72  4:55  Drone  
  72  4:58  Evolution Chamber  
  72  4:59  Evolution Chamber, Drone  
  72  5:00  Drone  
  72  5:01  Spore Crawler  
  72  5:05  Drone  
  71  5:12  Drone  
  71  5:16  Spore Crawler  
Show
View Real Time Build Order
Export as new Build Order

LiquidClem Terran 

Build Orders: Hellion Opening 

Get SALT Encoding   

  12  0:00  SCV  
  13  0:12  SCV  
  14  0:17  Supply Depot  
  14  0:24  SCV  
  15  0:39  SCV, Barracks  
  16  0:44  Refinery  
  16  0:51  SCV  
  17  1:03  SCV  
  18  1:15  SCV  
  19  1:27  Barracks Reactor, Orbital Command  
  19  1:39  Command Center  
  19  1:47  Supply Depot  
  19  1:53  SCV  
  20  2:04  Factory, Marine  
  20  2:06  SCV  
  22  2:09  Marine  
  22  2:15  Refinery  
  23  2:20  SCV  
  23  2:22  Marine  
  25  2:26  Marine  
  26  2:32  SCV  
  27  2:48  Starport  
  28  2:52  Orbital Command  
  28  2:53  Hellion  
  28  2:55  Hellion, Marine  
  28  2:58  SCV  
  33  3:10  SCV  
  34  3:15  Hellion  
  34  3:16  Hellion  
  34  3:18  SCV  
  39  3:24  Medivac  
  41  3:27  Armory  
  41  3:34  Supply Depot, Marine  
  41  3:38  Hellion  
  46  3:41  Hellion  
  46  3:53  Barracks Tech Lab  
  46  3:55  SCV x2  
  48  3:58  Supply Depot  
  48  3:59  Hellion  
  52  4:02  Hellion  
  52  4:07  SCV  
  53  4:10  SCV  
  53  4:16  Supply Depot  
  54  4:19  Liberator  
  54  4:24  SCV  
  58  4:25  SCV  
  58  4:30  Hellion  
  59  4:36  SCV, Marine  
  59  4:40  Hellion  
  57  4:48  SCV  
  56  4:55  SCV, Command Center  
  57  5:00  SCV  
  57  5:02  Marine  
  59  5:07  SCV  
  59  5:12  SCV  
  54  5:15  Starport Reactor  
Tags
 
Add a new tag
Caveats
  • Supply blocks, unpowered buildings, or Contaminate may cause inaccurate times.
  • Supply counts are checked every 10 seconds.